 Dungeon Crawl Stone Soup version 0.29-a0-409-gd843f3a48c (webtiles) character file.

Game seed: 14916120632129311127

13538 Snarg the Grappler (level 12, -4/80 HPs)
             Began as an Octopode Transmuter on May 15, 2022.
             Was an Elder of Makhleb.
             Slain by a flying skull (13 damage)
             ... in a Gauntlet.
             The game lasted 01:29:52 (12866 turns).

Snarg the Grappler (Octopode Transmuter)           Turns: 12866, Time: 01:29:52

Health: -4/80      AC:  1    Str: 14    XL:     12   Next: 7%
Magic:  11/17      EV: 19    Int: 16    God:    Makhleb [****..]
Gold:   299        SH:  0    Dex: 12    Spells: 7/18 levels left

rFire   + . .      SeeInvis .     - Unarmed
rCold   + + +      Faith    .   (shield currently unavailable)
rNeg    . . .      Spirit   .   y - +0 hat of Inference {rC+}
rPois   .          Reflect  .   (no amulet)
rElec   .          Harm     .   e - +4 ring of evasion
rCorr   .          Rampage  .   d - ring of Lugonu's Pride {rC+ Slay+5}
Will    .....      NoTele   +   j - ring of protection from fire
Stlth   ++++......              p - ring of protection from cold
HPRegen 0.23/turn               (no ring)
MPRegen 0.15/turn               (no ring)
                                (no ring)
                                (no ring)

@: blade tentacles, wereblooded
A: almost no armour, amphibious, 8 rings, camouflage 1, gelatinous body 1,
(nimble swimmer 1), tentacles
a: End Transformation, Renounce Religion, Minor Destruction, Lesser Servant of
Makhleb, Major Destruction


You were in a Gauntlet.
You worshipped Makhleb.
Makhleb was greatly pleased with you.
You had blades for main tentacles.
You visited 2 branches of the dungeon, and saw 12 of its levels.
You also visited: Sewer, Bailey and Gauntlet.

You collected 563 gold pieces.
You spent 264 gold pieces at shops.

Inventory:

Hand Weapons
 b - a +3 dagger of venom
 H - a +1 vorpal hand axe
 T - a +4 dagger of freezing
 U - a +2 vorpal spear
Missiles
 f - 269 stones (quivered)
 g - 36 poisoned darts
 o - 7 curare-tipped darts
 B - 5 throwing nets
 I - 3 boomerangs
 M - a silver boomerang
 P - 4 javelins
Armour
 y - the +0 hat of Inference (worn) {rC+}
   (You found it in a Gauntlet)

   rC:        It protects you from cold.
Magical Staves
 R - a staff of poison
Jewellery
 d - the ring of Lugonu's Pride (right blade tentacle) {rC+ Slay+5}
   (You acquired it on level 3 of the Dungeon)

   [ring of protection from cold]

   Slay:      It affects your accuracy & damage with ranged weapons and melee
   (+5).
   rC:        It protects you from cold.
 e - a +4 ring of evasion (left blade tentacle)
 j - a ring of protection from fire (on tentacle)
 p - a ring of protection from cold (on tentacle)
Wands
 q - a wand of mindburst (29)
 A - a wand of iceblast (5)
 J - a wand of paralysis (19)
 K - a wand of flame (19)
 Q - a wand of digging (4)
Scrolls
 h - 7 scrolls of teleportation
 m - 4 scrolls of fear
 s - a scroll of silence
 t - 3 scrolls of fog
 D - 5 scrolls of blinking
 N - 3 scrolls of vulnerability
 O - a scroll of poison
 S - a scroll of magic mapping
Potions
 a - 3 potions of lignification
 c - 10 potions of curing
 i - 3 potions of magic
 k - 5 potions of heal wounds
 l - a potion of might
 n - 3 potions of haste
 r - a potion of experience {unknown}
 u - 2 potions of berserk rage
 w - 2 potions of attraction
 x - 6 potions of brilliance
 z - a potion of invisibility {unknown}
 C - a potion of flight
 E - 3 potions of mutation
 F - 3 potions of cancellation
 L - a potion of ambrosia {unknown}
Miscellaneous
 v - a phantom mirror


   Skills:
 + Level 6.5 Fighting
 - Level 3.0 Throwing
 - Level 6.0 Dodging
 - Level 6.0 Stealth
 * Level 3.5 Shields
 + Level 10.5 Unarmed Combat
 + Level 3.6 Spellcasting
 + Level 10.1 Transmutations
 - Level 2.0 Poison Magic
 + Level 6.3 Invocations
 + Level 1.4 Evocations


You had 7 spell levels left.
You knew the following spells:

 Your Spells              Type           Power      Damage    Failure   Level
a - Beastly Appendage     Tmut           70%        N/A       10%         1
b - Wereblood             Tmut           35%        N/A       11%         2
c - Spider Form           Tmut/Pois      22%        N/A       30%         3
d - Blade Hands           Tmut           17%        N/A       41%         5

Your spell library contained the following spells:

 Spells                   Type           Power      Damage    Failure   Level
 Ice Form                 Ice/Tmut       19%        N/A       65%         4
 Petrify                  Tmut/Erth      19%        N/A       65%         4
 Scorch                   Fire           4%         2d5       69%         2
 Static Discharge         Conj/Air       2%         N/A       69%         2
 Gell's Gravitas          Tloc           2%         N/A       86%         3
 Lesser Beckoning         Tloc           2%         N/A       86%         3
 Portal Projectile        Hex/Tloc       4%         N/A       86%         3
 Teleport Other           Tloc           2%         N/A       86%         3
 Dispel Undead            Necr           2%         3d7       99%         4
 Flame Wave               Conj/Fire      2%         2d4       99%         4
 Hailstorm                Conj/Ice       2%         3d3       99%         4
 Leda's Liquefaction      Hex/Erth       1%         N/A       99%         4
 Sticky Flame             Conj/Fire      2%         2d3       99%         4
 Excruciating Wounds      Necr           1%         N/A       100%        5
 Lee's Rapid Deconstruct  Erth           1%         3d5*      100%        5
 Metabolic Englaciation   Hex/Ice        1%         N/A       100%        5
 Simulacrum               Ice/Necr       1%         N/A       100%        6
 Statue Form              Tmut/Erth      12%        N/A       100%        6
 Summon Cactus Giant      Summ           1%         N/A       100%        6


Dungeon Overview and Level Annotations

Branches:
Dungeon (11/15)            Temple (0/1) D:7            Lair (1/6) D:8
  Sewer (visited)          Bailey (visited)         Gauntlet (1/1)
    Orc: D:9-12

Altars:
Makhleb
Wu Jian

Shops:
D:3 =   D:4 ?   D:7 !   D:11 *

Annotations:
D:1 clr
D:2 clr
D:3 clr
D:4 fire cloud vault
D:5 clr
D:6 clr
D:7 clr
D:8 clr
D:9 clr
D:10 clr Gauntlet 2 transporters


Innate Abilities, Weirdness & Mutations

You have blades for main tentacles.
Your spellcasting is less reliable in this form.
You are incapable of wielding weapons or throwing items.
You cannot wear most types of armour.
You are amphibious.
You can wear up to eight rings at the same time.
Your skin changes colour to match your surroundings (Stealth+).
Your rubbery body absorbs attacks. (AC +1, EV +1)
((You are camouflaged when in or above water. (Stealth+)))
You have tentacles for arms and can constrict up to eight enemies at once.


Message History

You constrict the flying skull, but do no damage.
The flying skull hits you. The flying skull hits you!
The flying skull hits you.
Unknown command.
Unknown command.
Unknown command.
Unknown command.
You feel much better.
You constrict the flying skull, but do no damage.
The flying skull hits you. x3; The flying skull completely misses you.
The flying skull hits you!
You slash the flying skull! Your grab misses the flying skull.
Your slash misses the flying skull.
The flying skull is heavily damaged.
You constrict the flying skull. The flying skull hits you.
The flying skull hits you!
* * * LOW HITPOINT WARNING * * *
The flying skull hits you.
* * * LOW HITPOINT WARNING * * *
Unknown command.
Unknown command.
Okay, then.
Unknown command.
Aiming: Major Destruction (13% risk of failure)
Press: ? - help, Shift-Dir - straight line, f - flying skull
Aim: a flying skull (moderately damaged, constricted by you)
You hear a mighty clap of thunder!
The bolt of lightning hits the flying skull.
The flying skull resists.
The flying skull is heavily damaged.
The bolt of lightning hits the flying skull.
The flying skull resists.
The flying skull is moderately damaged.
The bolt of lightning hits the flying skull!
The flying skull resists.
The flying skull is moderately damaged.
The bolt of lightning misses the flying skull.
You constrict the flying skull, but do no damage.
The flying skull misses you. The flying skull hits you!
You die...

# #8# #8# 8#
############### #######
........................
........................
#########...###########.
..#.....#.8.#..#.....[#.
.#..##..#...#.zz#.....#.
.##..#.[#####.zz#....#
.#..##..#...#zzz@#.#
.##©.#.©#©.©#.zz###..©#.
.#..##..#...#.##z#...$#.
.##..#..######....#...#.
.#..##..#...#.....#...#.
..#.....#...#...... .}#.
#########...####### ##.
..........≈......... ...
.........≈8≈......


You could see 10 flying skulls.

Vanquished Creatures
  Harold (D:10)
  A ghost crab (Gauntlet)
  Sonja (D:11)
  A wizard (Gauntlet)
  4 gargoyles
  Psyche (D:10)
  2 kobold demonologists
  2 trolls
  2 hornets
  A wyvern (D:8)
  A vampire (Bailey)
  19 yaks
  A steam dragon (D:6)
  Grum (D:8)
  2 water moccasins
  2 sky beasts
  2 orc warriors (D:7)
  A black bear (D:6)
  An ice beast (D:5)
  2 ogres
  6 wolves (D:8)
  2 phantoms
  A centaur (D:5)
  4 kobold brigands
  6 bullfrogs
  A gnoll sergeant (D:10)
  4 scorpions
  9 wights
  9 killer bees
  8 vampire bats (Bailey)
  3 electric eels (D:8)
  A howler monkey (D:5)
  4 wolf zombies (Bailey)
  7 hounds
  A jelly (D:6)
  A gnoll shaman (D:9)
  2 orc priests
  Jessica (D:2)
  3 orc wizards
  3 iguanas
  18 gnolls
  12 adders
  2 river rats (Sewer)
  2 white imps (Gauntlet)
  2 shadow imps
  3 worms
  4 dart slugs
  18 orcs
  2 bats (D:1)
  6 endoplasms
  4 giant cockroaches
  7 goblins
  4 hobgoblins
  6 jackals
  18 kobolds
  7 quokkas
  12 ball pythons
  2 frilled lizards
  22 orc zombies (Bailey)
  7 rats
282 creatures vanquished.

Vanquished Creatures (collateral kills)
  An ogre (D:7)
  A bullfrog (D:7)
  An orc wizard (D:7)
  4 orcs
7 creatures vanquished.

Vanquished Creatures (others)
  A shadow imp (Gauntlet)
  A fungus (Lair:1)
  3 plants (D:3)
5 creatures vanquished.

Grand Total: 294 creatures vanquished

Notes
Turn   | Place    | Note
-------+----------+-------------------------------------------
     0 | D:1      | Snarg the Octopode Transmuter began the quest for the Orb.
     0 | D:1      | Reached XP level 1. HP: 13/13 MP: 3/3
   182 | D:1      | You fall into a shaft and drop 1 floor!
   277 | D:2      | Reached XP level 2. HP: 18/18 MP: 3/5
   361 | D:2      | Noticed Jessica
   402 | D:1      | Learned a level 2 spell: Wereblood
   785 | D:1      | Reached XP level 3. HP: 23/23 MP: 4/6
  1858 | D:2      | Killed Jessica
  1859 | D:2      | Reached skill level 1 in Throwing
  1859 | D:2      | Reached skill level 1 in Stealth
  1859 | D:2      | Reached XP level 4. HP: 28/28 MP: 4/7
  2202 | D:3      | Identified a scroll of acquirement
  2202 | D:3      | Acquired the ring of Lugonu's Pride {rC+ Slay+5}
  2239 | D:3      | Reached XP level 5. HP: 33/33 MP: 6/8
  2349 | D:3      | Found Kaolumea's Jewellery Shoppe.
  2428 | D:3      | Found a faded altar of an unknown god.
  2436 | D:3      | Prayed at the altar of an unknown god.
  2436 | D:3      | Became a worshipper of Makhleb the Destroyer
  2436 | D:3      | Reached * piety under Makhleb
  2646 | D:3      | Found a glowing drain.
  2650 | Sewer    | Entered a sewer
  2977 | Sewer    | Noticed a kobold brigand
  2977 | Sewer    | Noticed a kobold brigand
  2988 | Sewer    | Killed a kobold brigand
  2989 | Sewer    | Reached skill level 1 in Invocations
  2989 | Sewer    | Reached XP level 6. HP: 39/39 MP: 6/9
  3124 | Sewer    | Reached XP level 7. HP: 43/45 MP: 7/10
  3696 | D:4      | Reached ** piety under Makhleb
  4005 | D:4      | Found Plog's Magic Scroll Emporium.
  4188 | D:5      | Entered Level 5 of the Dungeon
  4293 | D:5      | Reached skill level 5 in Unarmed Combat
  4352 | D:5      | Reached XP level 8. HP: 40/53 MP: 9/11
  5038 | D:6      | Reached skill level 5 in Transmutations
  5113 | D:6      | Reached *** piety under Makhleb
  5277 | D:6      | Reached skill level 5 in Stealth
  5290 | D:6      | Noticed a kobold demonologist
  5292 | D:6      | Noticed a soul eater
  5294 | D:6      | Killed a kobold demonologist
  5295 | D:6      | Reached XP level 9. HP: 59/59 MP: 12/12
  5988 | D:7      | Noticed a hornet
  5996 | D:7      | Paralysed by a hornet for 2 turns
  5999 | D:7      | HP: 2/59 [hornet (17)]
  6002 | D:7      | Killed a hornet
  6011 | D:7      | Learned a level 3 spell: Spider Form
  6113 | D:7      | Found Qysmotit's Distillery.
  6119 | D:7      | Bought a potion of berserk rage for 60 gold pieces
  6119 | D:7      | Bought a potion of brilliance for 48 gold pieces
  6119 | D:7      | Bought a potion of heal wounds for 60 gold pieces
  6119 | D:7      | Bought a potion of mutation for 96 gold pieces
  6186 | D:7      | Reached skill level 1 in Poison Magic
  6212 | D:7      | Reached skill level 5 in Fighting
  6510 | D:7      | Found a staircase to the Ecumenical Temple.
  6746 | D:7      | Found an ornate altar of the Wu Jian Council.
  6860 | D:8      | Reached XP level 10. HP: 65/66 MP: 9/13
  7022 | D:8      | Noticed a skeletal warrior
  7024 | D:8      | Noticed a centaur warrior
  7026 | D:8      | Noticed a salamander
  7027 | D:8      | Noticed a white ugly thing
  7028 | D:8      | Noticed a boulder beetle
  7109 | D:8      | Noticed Grum
  7116 | D:8      | Killed Grum
  7570 | D:8      | Reached **** piety under Makhleb
  8093 | D:8      | Found a staircase to the Lair.
  8223 | D:8      | Learned a level 5 spell: Blade Hands
  8677 | Lair:1   | Entered Level 1 of the Lair of Beasts
  8691 | Lair:1   | Noticed a cane toad
  8885 | D:9      | Reached skill level 5 in Dodging
  8952 | D:9      | Found a flagged portal.
  8961 | Bailey   | Entered a bailey
  9046 | Bailey   | Reached skill level 1 in Evocations
  9342 | Bailey   | Reached XP level 11. HP: 71/72 MP: 14/14
  9479 | Bailey   | Reached ***** piety under Makhleb
  9676 | Bailey   | Reached skill level 5 in Invocations
 10324 | D:9      | Reached skill level 1 in Shields
 11328 | D:10     | Entered Level 10 of the Dungeon
 11803 | D:10     | Reached skill level 10 in Unarmed Combat
 11885 | D:10     | Noticed Harold
 11897 | D:10     | Killed Harold
 12132 | D:10     | Noticed Psyche
 12138 | D:10     | Killed Psyche
 12409 | D:10     | Noticed a soul eater
 12551 | D:11     | Noticed an angel
 12551 | D:11     | Found Gean's Hallowed Reliquary.
 12560 | D:11     | Identified the -3 cloak "Izemm" {Contam Str+4}
 12594 | D:11     | Found a gate leading to a gauntlet.
 12595 | D:11     | Noticed Sonja
 12598 | D:11     | Killed Sonja
 12599 | D:11     | Reached skill level 10 in Transmutations
 12650 | Gauntlet | Entered a Gauntlet
 12650 | Gauntlet | Noticed a wizard
 12650 | Gauntlet | Noticed a moth of wrath
 12650 | Gauntlet | Found a transporter.
 12650 | Gauntlet | Found a transporter.
 12650 | Gauntlet | Found a transporter.
 12670 | Gauntlet | Killed a wizard
 12671 | Gauntlet | Reached XP level 12. HP: 60/80 MP: 9/17
 12674 | Gauntlet | Found a transporter.
 12678 | Gauntlet | Identified the +0 hat of Inference {rC+}
 12736 | Gauntlet | Noticed a ghost crab
 12762 | Gauntlet | Found a transporter.
 12770 | Gauntlet | Killed a ghost crab
 12774 | Gauntlet | Found a transporter.
 12861 | Gauntlet | Found a transporter.
 12866 | Gauntlet | Slain by a flying skull

Illustrated notes

Levels and vault maps discovered:
D:1:      minmay_arrival_wavy_path, layout_loops_corners
D:2:      layout_rooms, uniq_jessica
D:3:      layout_loops_ring, serial_shops, nicolae_shop_advertising_works
          [nicolae_subvault_shop_adworks], gup_sewer_entry_spiral,
          hellmonk_ecumenical_altar_crossroads, serial_bayou_crossing
D:4:      layout_rooms, nicolae_take_the_stairs, lemuel_flame_loot_1
D:5:      layout_cave_pools, uniq_blork_the_orc
D:6:      layout_rooms
D:7:      layout_cave_pools, pdpol_wu_jian_five_deadly_venoms,
          minmay_temple_entry_nine_rooms, serial_shops, nicolae_diamond_shop,
          nicolae_fountain_basement
D:8:      layout_basic, erik_lair_island, onia_ninara_dug_in_and_dangerous,
          uniq_grum
D:9:      layout_stronghold, enter_bailey_8
D:10:     layout_grid_maze, uniq_psyche, uniq_harold
D:11:     layout_roguey [special_room_bee], gauntlet_entry_generic,
          serial_aquarium, aquarium_bridge_straight [aquarium_subvault_bridge,
          aquarium_subvault_balcony, aquarium_subvault_bridge,
          aquarium_subvault_balcony], aquarium_window_corner, aquarium_window_2,
          aquarium_window_corridor_3, aquarium_view_2b, aquarium_view_2c,
          aquarium_balcony_double_2, aquarium_pool_five, nicolae_good_shop,
          uniq_sonja
Lair:1:   layout_regular_city, serial_bayou_shore_a, lemuel_fruit_fields,
          infiniplex_staircase_pool_2
Gauntlet: gammafunk_gauntlet_hard_choice [nicolae_gauntlet_arena_flowing_pool,
          nicolae_gauntlet_arena_quarters, gammafunk_gauntlet_arena_teeth,
          nicolae_gauntlet_arena_grate_2, nicolae_gauntlet_swirl,
          gammafunk_gauntlet_arena_crates, gauntlet_exit_green]

Skill      XL: |  1  2  3  4  5  6  7  8  9 10 11 |
---------------+----------------------------------+-----
Throwing       | 1 2 3 |  3.0
Stealth        | 1 2 3 4 5 6 |  6.0
Transmutations | 3 4 5 6 8 10 | 10.1
Unarmed Combat | 4 5 7 8 9 10 | 10.5
Fighting       | 2 3 4 5 6 |  6.5
Invocations    | 1 2 3 4 6 |  6.3
Dodging        | 3 4 5 6 |  6.0
Poison Magic   | 2 |  2.0
Evocations     | 1 |  1.4
Shields        | 3 |  3.5
Spellcasting   | 3 |  3.6

Action                   |  1- 3 |  4- 6 |  7- 9 | 10-12 || total
-------------------------+-------+-------+-------+-------++-------
Melee: Unarmed           |    63 |    59 |   117 |   213 ||   452
       Constrict         |    16 |    13 |    30 |    44 ||   103
       Tentacles         |    12 |    10 |    20 |    37 ||    79
       Kick              |    14 |    14 |    33 |    51 ||   112
       Punch             |     1 |     2 |    13 |    14 ||    30
       Dagger            |       |       |       |    14 ||    14
Throw: Stone             |    38 |    56 |    85 |    81 ||   260
       Throwing net      |     1 |       |     1 |     1 ||     3
       Dart              |       |    11 |    34 |    25 ||    70
       Boomerang         |       |       |       |     4 ||     4
       Javelin           |       |       |       |     2 ||     2
 Cast: Beastly Appendage |    20 |    17 |    24 |    24 ||    85
       Wereblood         |     4 |     8 |    15 |    24 ||    51
       Spider Form       |       |       |       |     4 ||     4
       Blade Hands       |       |       |       |    10 ||    10
Invok: Minor Destruction |       |       |    10 |    26 ||    36
       Lesser Servant of |       |       |     1 |     4 ||     5
       Major Destruction |       |       |       |     1 ||     1
Evoke: Wand              |       |       |       |    10 ||    10
  Use: Scroll            |       |     6 |    13 |     5 ||    24
       Potion            |       |       |     4 |     3 ||     7
 Stab: Sleeping          |     3 |     3 |     3 |     1 ||    10
       Held in net/web   |     1 |       |       |     2 ||     3
Armor: Skin              |     3 |     1 |     2 |     5 ||    11
Dodge: Dodged            |    46 |    30 |    81 |   187 ||   344

Table legend: (Time is in decaauts)
 A = Elapsed time spent in this place.
 B = Non-inter-level travel time spent in this place.
 C = Inter-level travel time spent in this place.
 D = Time resting spent in this place.
 E = Time spent auto-exploring this place.
 F = Levels seen in this place.
 G = Mean time per level.
                   A        B        C        D        E       F      G
               +--------+--------+--------+--------+--------+-----+--------+
         Total |  12789 |  11997 |    792 |   2106 |   6723 |  15 |  852.6 |
       Dungeon |  10937 |  10152 |    785 |   1563 |   6237 |  11 |  994.3 |
          Lair |     42 |     35 |      7 |      0 |      0 |   1 |   42.0 |
         Sewer |    498 |    498 |      0 |      0 |    263 |   1 |  498.0 |
        Bailey |   1096 |   1096 |      0 |    490 |    155 |   1 | 1096.0 |
      Gauntlet |    213 |    213 |      0 |     53 |     68 |   1 |  213.0 |
               +--------+--------+--------+--------+--------+-----+--------+

Top non-repeatable levels by time:
     D:8: 1982 daAuts
     D:9: 1394 daAuts
     D:1: 1333 daAuts
    D:10: 1212 daAuts
  Bailey: 1096 daAuts
     D:7: 931 daAuts
     D:3: 911 daAuts
     D:2: 871 daAuts
     D:5: 819 daAuts
     D:6: 809 daAuts
     D:4: 568 daAuts
   Sewer: 498 daAuts
Gauntlet: 213 daAuts
    D:11: 102 daAuts
  Lair:1: 42 daAuts
